 Dungeon Crawl Stone Soup version 0.30.1-4-g462c640d31 (webtiles) character file.

Game seed: 9496884896173764340

25026 Arctor the Geomancer (level 13, -1/72 HPs)
             Began as a Gargoyle Earth Elementalist on Sept 18, 2023.
             Was an Elder of Vehumet.
             Slain by a minotaur
             ... wielding a +2 heavy executioner's axe
              (7 damage)
             ... in a Gauntlet on Sept 19, 2023.
             The game lasted 00:58:28 (17039 turns).

Arctor the Geomancer (Gargoyle Earth Elementalist) Turns: 17039, Time: 00:58:29

Health: -1/72      AC: 20    Str: 13    XL:     13   Next: 16%
Magic:  18/25      EV: 19    Int: 23    God:    Vehumet [****..]
Gold:   306        SH:  0    Dex: 10    Spells: 3/29 levels left

rFire   . . .        d - +7 dagger (protect)
rCold   . . .        (no shield)
rNeg    + . .        a - +0 robe
rPois   ∞            N - +1 hat {Int+3}
rElec   +            e - +1 cloak
rCorr   .            K - +1 Delatra's gloves {ID++}
SInv    .            (no boots)
Will    .....        (no amulet)
Stlth   ++++         y - +5 ring of evasion
HPRegen 0.32/turn    F - ring of the Mage {Wiz Archmagi}
MPRegen 0.19/turn

%: no teleportation, wizardry (x1), archmagi
@: freezing walls
A: sickness immunity, AC +9, negative energy resistance 1, electricity
resistance, torment resistance 1, petrification resistance, iridescent scales 2,
noise suppression
a: Renounce Religion


You were in a Gauntlet.
You worshipped Vehumet.
Vehumet was greatly pleased with you.
You visited 2 branches of the dungeon, and saw 15 of its levels.
You also visited: Gauntlet.

You collected 774 gold pieces.
You spent 468 gold pieces at shops.

Inventory:

Hand Weapons
 d - a +7 dagger of protection (weapon)
 p - a +0 dagger of electrocution
Armour
 a - a +0 robe (worn)
 e - a +1 cloak (worn)
 u - a +2 pair of gloves
 C - a +0 cloak
 K - the +1 Delatra's gloves (worn) {ID++}
   (You found it on level 4 of the Dungeon)

   ID++:      It heals its wearer when they drink unknown potions, and restores
   their MP when they read unknown scrolls.
 N - a +1 hat of intelligence (worn)
Magical Staves
 P - a staff of air
Jewellery
 h - a ring of protection from fire
 j - a +5 ring of evasion
 q - a ring of protection from fire
 x - a ring of see invisible
 y - a +5 ring of evasion (left hand)
 F - the ring of the Mage (right hand) {Wiz Archmagi}
   (You found it in a Gauntlet)

   [ring of wizardry]

   It improves your spell success rate.
   Archmagi:  It increases the power of your magical spells.
 H - a ring of fire
 I - a ring of positive energy
Wands
 f - a wand of roots (1)
 n - a wand of digging (15)
 s - a wand of flame (56)
 G - a wand of mindburst (14)
Scrolls
 c - 6 scrolls of fog
 g - a scroll of brand weapon
 i - 6 scrolls of poison
 m - 4 scrolls of magic mapping
 o - 3 scrolls of teleportation
 t - a scroll of silence
 v - 3 scrolls of identify
 w - 2 scrolls of vulnerability {unknown}
 B - a scroll of noise {unknown}
 D - 2 scrolls of butterflies {unknown}
 E - 3 scrolls of amnesia
Potions
 b - 3 potions of mutation
 k - 2 potions of resistance
 l - 2 potions of brilliance
 r - 2 potions of attraction
 z - 3 potions of flight
 A - a potion of haste
 J - a potion of degeneration {unknown}
 L - 2 potions of curing
 O - a potion of heal wounds
Miscellaneous
 M - a piece from Xom's chessboard (15/15)


   Skills:
 - Level 5.0 Fighting
 + Level 7.8 Dodging
 - Level 11.2 Stealth
 + Level 8.8 Spellcasting
 * Level 5.9 Conjurations
 - Level 6.0 Transmutations
 - Level 6.7 Ice Magic
 * Level 11.6 Earth Magic


You had 3 spell levels left.
You knew the following spells:

 Your Spells              Type           Power      Damage    Failure   Level
a - Sandblast             Erth           100%       2d20      1%          1
b - Stone Arrow           Conj/Erth      100%       3d13      1%          3
c - Frozen Ramparts       Ice            100%       1d16      1%          3
d - Passwall              Tmut/Erth      55%        N/A       1%          2
e - Hailstorm             Conj/Ice       56%        3d12      1%          3
f - Petrify               Tmut/Erth      66%        N/A       1%          4
g - Ensorcelled Hibernat  Hex/Ice        76%        N/A       1%          2
h - Fulminant Prism       Conj/Hex       17%        3d10      2%          4
i - Animate Armour        Summ/Erth      100%       N/A       2%          4

Your spell library contained the following spells:

 Spells                   Type           Power      Damage    Failure   Level
 Flame Wave               Conj/Fire      35%        2d10      2%          4
 Freeze                   Ice            100%       1d10      1%          1
 Sting                    Tmut/Pois      100%       1d8       1%          1
 Poisonous Vapours        Pois/Air       30%        N/A       1%          2
 Inner Flame              Hex/Fire       15%        N/A       2%          3
 Spider Form              Tmut/Pois      36%        N/A       2%          3
 Yara's Violent Unravell  Hex/Tmut       18%        3d9       6%          5
 Olgreb's Toxic Radiance  Pois           15%        N/A       8%          4
 Anguish                  Hex/Necr       7%         N/A       26%         4
 Summon Lightning Spire   Summ/Air       15%        N/A       26%         4
 Lehudib's Crystal Spear  Conj/Erth      33%        10d8      67%         8
 Storm Form               Tmut/Air       18%        N/A       99%         7
 Enfeeble                 Hex            7%         N/A       100%        7
 Maxwell's Capacitive Co  Air            7%         ∞         100%        8


Dungeon Overview and Level Annotations

Branches:
Dungeon (12/15)            Temple (0/1) D:5            Lair (3/5) D:10
 Shoals (0/4) Lair:2          Orc (0/2) D:10        Gauntlet (1/1)
  Snake: Lair:2-3    Spider: Lair:2-3

Altars:
Ashenzari
Gozag
Hepliaklqana
Kikubaaqudgha
Ru
Trog
Uskayaw
Vehumet

Shops:
D:8 ([:[:

Annotations:
Lair:3 Urug Gauntlet 17 runed translucent doors, 3 transporters


Innate Abilities, Weirdness & Mutations

You are immune to sickness and miasma.
Your stone body is resilient. (AC +9)
You are immune to poison.
You resist negative energy. (rN+)
You are resistant to electric shocks. (rElec)
You are resistant to unholy torment.
You are immune to petrification.
You are mostly covered in iridescent scales. (AC +4)
You passively dampen the noise of your surroundings.


Message History

The wall freezes the gargoyle but does no damage.
You flicker for a moment.
Your frozen ramparts will break if you move.
Continue?
The frozen ramparts melt away as you move.
You flicker back into view.
There is a transporter here.
You enter the transporter and appear at another place.
Magic restored.
Found a transporter.
Found a gate leading back out of this place.
A minotaur comes into view.
It is wielding a +2 heavy executioner's axe and wearing a +1 chain mail of poison resistance.
Casting: Frozen Ramparts (safe; 1% risk of failure)
Confirm with . or Enter, or press ? or * to list all spells.
Casting: Frozen Ramparts (safe; 1% risk of failure)
Press: ? - help, Dir - look around, f - activate You feel a surge of power!
The walls around you are covered in ice.
The wall freezes the minotaur but does no damage.
The minotaur drinks a potion.
The minotaur seems to grow stronger.
Casting: Frozen Ramparts (safe; 1% risk of failure)
Confirm with . or Enter, or press ? or * to list all spells.
Aiming: Ensorcelled Hibernation (safe; 1% risk of failure)
Press: ? - help, Shift-Dir - straight line, f - minotaur
Aim: a minotaur, wielding a +2 heavy executioner's axe, wearing a +1 chain mail of poison resistance and quivering javelins (strong, chance to affect: 7%)
Okay, then.
Casting: Ensorcelled Hibernation (safe; 1% risk of failure)
Confirm with . or Enter, or press ? or * to list all spells.
Aiming: Fulminant Prism (dangerous; 2% risk of failure)
Press: ? - help, Dir - move target You feel a surge of power!
You conjure a prism of explosive energy!
A fulminant prism comes into view.
The wall freezes the minotaur!
The minotaur hits you with a +2 heavy executioner's axe!!!
Ouch! That really hurt!
* * * LOW HITPOINT WARNING * * *
The minotaur hits your fulminant prism with a +2 heavy executioner's axe!!!
Your fulminant prism detonates feebly.
The minotaur gores you!
You die...

########### #..........
#..########
##.#.......#
#..#.#####.# #.##.#⌠.⌠#
#.#..#.∩.# #.#.##⌠H⌠#
#.#.###@# ### #.#.....#
#.# #.###########.#
#.............#
########.#######
#≈............... ##
#8.8.8..©.©..8.8. #8#
≈...............
#######################


You could see a minotaur (strong).

Vanquished Creatures
  The ghost of LordJstr the Severer, a journeyman HOFi of Gozag (Lair:1)
  An anaconda (Lair:1)
  2 alligators (Lair:1)
  A two-headed ogre (D:10)
  2 fire crabs (Lair:1)
  The ghost of Kurtz the Nimble, a novice TeFi (D:8)
  A manticore (Lair:1)
  A water nymph (Lair:2)
  A black mamba (Lair:1)
  4 elephants (Lair:1)
  9 cane toads
  A molten gargoyle (Gauntlet)
  Psyche (D:8)
  A rime drake (Lair:2)
  3 komodo dragons
  3 meliai (Gauntlet)
  2 polar bears
  2 trolls
  Grinder (D:5)
  Sigmund (D:5)
  3 basilisks
  A wraith (D:12)
  3 wyverns
  Grum (D:8)
  31 yaks
  A steam dragon (D:6)
  The ghost of wingedge the Digger, an amateur DgEE (D:4)
  Menkaure (D:4)
  2 acid dragons
  7 water moccasins
  2 ice beasts
  5 black bears
  7 orc warriors
  2 ogres
  9 wolves
  4 centaurs
  2 phantoms
  5 bullfrogs
  A kobold brigand (D:7)
  5 scorpions
  6 wights (D:8)
  3 killer bees (D:7)
  3 howler monkeys
  4 hounds
  A gnoll bouda (D:9)
  3 jellies
  10 orc priests
  Crazy Yiuf (D:2)
  2 iguanas (D:6)
  A sleepcap (D:4)
  14 orc wizards
  3 hell rats (Lair:1)
  Robin (D:4)
  8 gnolls
  6 adders
  A shadow imp (D:6)
  2 white imps
  A worm (D:3)
  5 dart slugs
  67 orcs
  3 endoplasms
  4 giant cockroaches
  15 goblins
  7 hobgoblins
  4 jackals
  2 quokkas
  7 ball pythons
  5 bats
  A frilled lizard (D:3)
  13 kobolds
  3 rats
  A fulminant prism (Lair:2)
339 creatures vanquished.

Vanquished Creatures (others)
  A human (D:9)
  An orc wizard (D:4)
  10 fulminant prisms
12 creatures vanquished.

Grand Total: 351 creatures vanquished

Notes
Turn   | Place    | Note
-------+----------+-------------------------------------------
     0 | D:1      | Arctor the Gargoyle Earth Elementalist began the quest for
                  | the Orb.
     0 | D:1      | Reached XP level 1. HP: 10/10 MP: 3/3
   251 | D:1      | Reached skill level 1 in Transmutations
   251 | D:1      | Reached XP level 2. HP: 15/15 MP: 1/5
   706 | D:1      | Reached XP level 3. HP: 19/19 MP: 3/6
  1333 | D:2      | Found a runed translucent door.
  1334 | D:2      | Noticed Crazy Yiuf
  2012 | D:3      | Reached XP level 4. HP: 21/24 MP: 4/7
  2250 | D:3      | Found a sacrificial altar of Ru.
  2740 | D:3      | Reached XP level 5. HP: 28/28 MP: 6/9
  2863 | D:2      | Learned a level 3 spell: Stone Arrow
  2867 | D:2      | Learned a level 3 spell: Frozen Ramparts
  2870 | D:2      | Killed Crazy Yiuf
  3238 | D:3      | Reached XP level 6. HP: 32/32 MP: 7/10
  3464 | D:3      | Reached skill level 1 in Ice Magic
  3599 | D:4      | Found a large runed translucent door.
  3599 | D:4      | Found a large runed translucent door.
  3692 | D:4      | Noticed Menkaure
  3698 | D:4      | Killed Menkaure
  3699 | D:4      | Reached skill level 5 in Earth Magic
  3825 | D:4      | Found a runed translucent gate.
  3826 | D:4      | Found a runed translucent gate.
  3827 | D:4      | Found a runed translucent gate.
  3844 | D:4      | Found an opulent altar of Gozag.
  3890 | D:5      | Entered Level 5 of the Dungeon
  4022 | D:3      | Reached XP level 7. HP: 17/36 MP: 2/11
  4343 | D:3      | HP: 1/36 [something (3)]
  4344 | D:3      | Gained mutation: You do not regenerate when monsters are
                  | visible. [potion of mutation]
  4344 | D:3      | Gained mutation: You have sharp toenails. [potion of
                  | mutation]
  4344 | D:3      | Gained mutation: You are frail. (-10% HP) [potion of
                  | mutation]
  4897 | D:4      | Learned a level 2 spell: Passwall
  5000 | D:4      | Noticed Robin
  5003 | D:4      | Killed Robin
  5046 | D:4      | Lost mutation: You do not regenerate when monsters are
                  | visible. [potion of mutation]
  5046 | D:4      | Lost mutation: You are frail. (-10% HP) [potion of
                  | mutation]
  5046 | D:4      | Lost mutation: You have sharp toenails. [potion of
                  | mutation]
  5046 | D:4      | Gained mutation: You are partially covered in iridescent
                  | scales. (AC +2) [potion of mutation]
  5046 | D:4      | Gained mutation: You are partially covered in large bone
                  | plates. (SH +4) [potion of mutation]
  5046 | D:4      | Gained mutation: You are vulnerable to heat. (rF-) [potion
                  | of mutation]
  5141 | D:4      | Found the +1 Delatra's gloves {ID++}
  5306 | D:4      | Noticed wingedge's ghost (amateur DgEE)
  5334 | D:4      | Learned a level 3 spell: Hailstorm
  5334 | D:4      | Lost mutation: You are partially covered in large bone
                  | plates. (SH +4) [potion of mutation]
  5334 | D:4      | Lost mutation: You are vulnerable to heat. (rF-) [potion of
                  | mutation]
  5334 | D:4      | Gained mutation: You occasionally lose the ability to drink
                  | potions when taking damage. [potion of mutation]
  5334 | D:4      | Lost mutation: You occasionally lose the ability to drink
                  | potions when taking damage. [potion of mutation]
  5334 | D:4      | Gained mutation: You passively dampen the noise of your
                  | surroundings. [potion of mutation]
  5334 | D:4      | Gained mutation: You are mostly covered in iridescent
                  | scales. (AC +4) [potion of mutation]
  5341 | D:4      | Found a radiant altar of Vehumet.
  5347 | D:4      | Became a worshipper of Vehumet
  5372 | D:4      | Found a broken altar of Ashenzari.
  5603 | D:5      | Reached XP level 8. HP: 41/41 MP: 5/13
  5805 | D:5      | Reached skill level 5 in Stealth
  6006 | D:5      | Noticed Grinder
  6006 | D:5      | Noticed Sigmund
  6052 | D:5      | Found a staircase to the Ecumenical Temple.
  6276 | D:4      | Killed wingedge's ghost
  6435 | D:5      | Paralysed by Grinder for 4 turns
  6454 | D:5      | Paralysed by Grinder for 2 turns
  6487 | D:5      | Killed Grinder
  6732 | D:5      | Killed Sigmund
  6733 | D:5      | Reached XP level 9. HP: 34/45 MP: 4/16
  7151 | D:6      | Reached skill level 5 in Spellcasting
  7153 | D:6      | Reached * piety under Vehumet
  7153 | D:6      | Offered knowledge of Magic Dart by Vehumet.
  7238 | D:6      | Learned a level 4 spell: Petrify
  8213 | D:7      | Learned a level 2 spell: Ensorcelled Hibernation
  8372 | D:7      | Reached XP level 10. HP: 43/50 MP: 16/18
  8445 | D:7      | Reached skill level 5 in Ice Magic
  8716 | D:8      | Found Zeipik's Armour Shop.
  8726 | D:8      | Reached skill level 5 in Dodging
  8753 | D:8      | Found a runed translucent door.
  8758 | D:8      | Noticed Kurtz's ghost (novice TeFi)
  8759 | D:8      | Found Voiprauk's Armour Emporium.
  8798 | D:7      | Reached ** piety under Vehumet
  8798 | D:7      | Offered knowledge of Static Discharge by Vehumet.
  9177 | D:8      | Noticed Grum
  9182 | D:8      | Reached skill level 5 in Transmutations
  9187 | D:8      | Killed Grum
  9466 | D:8      | Found Mioturru's Antique Weapon Shop.
  9485 | D:8      | Noticed Psyche
  9518 | D:8      | Killed Psyche
  9629 | D:8      | Found a faded altar of an unknown god.
  9631 | D:8      | Found a faded altar of an unknown god.
  9631 | D:8      | Found a hazy altar of Hepliaklqana.
  9841 | D:8      | Found Naezywk's Book Shop.
  9856 | D:8      | Found Miump's Book Shoppe.
  9880 | D:8      | Killed Kurtz's ghost
 10156 | D:9      | Found an ancient bone altar of Kikubaaqudgha.
 10340 | D:9      | HP: 1/50 [yak (13)]
 10344 | D:9      | Reached XP level 11. HP: 9/54 MP: 12/21
 10544 | D:9      | You fall into a shaft and drop 3 floors!
 10735 | D:10     | Entered Level 10 of the Dungeon
 11353 | D:9      | Found a hide-covered altar of Uskayaw.
 11488 | D:9      | Offered knowledge of Dazzling Flash by Vehumet.
 11741 | D:10     | Reached *** piety under Vehumet
 11941 | D:10     | Noticed a two-headed ogre
 11943 | D:10     | Found a staircase to the Lair.
 12179 | D:10     | Found a bloodstained altar of Trog.
 12545 | D:10     | Offered knowledge of Fulminant Prism by Vehumet.
 12797 | D:8      | Bought a book of Armaments for 468 gold pieces
 12802 | D:8      | Learned a level 4 spell: Fulminant Prism
 12890 | D:10     | Found a staircase to the Orcish Mines.
 13056 | D:10     | Reached **** piety under Vehumet
 13094 | D:10     | Killed a two-headed ogre
 13095 | D:10     | Reached skill level 1 in Fighting
 13095 | D:10     | Reached skill level 1 in Conjurations
 13258 | D:10     | Offered knowledge of Lee's Rapid Deconstruction by Vehumet.
 13517 | Lair:1   | Entered Level 1 of the Lair of Beasts
 13517 | Lair:1   | Noticed LordJstr's ghost (journeyman HOFi)
 13519 | Lair:1   | Found a runed translucent door.
 13783 | Lair:1   | Reached skill level 10 in Earth Magic
 13896 | Lair:1   | Reached XP level 12. HP: 43/64 MP: 10/23
 14281 | Lair:1   | Reached skill level 10 in Stealth
 14286 | Lair:1   | Noticed an alligator
 14317 | Lair:1   | Noticed an anaconda
 14567 | Lair:1   | Killed an anaconda
 14931 | Lair:1   | Learned a level 4 spell: Animate Armour
 15052 | Lair:1   | Noticed an alligator
 15061 | Lair:1   | Killed an alligator
 15426 | Lair:1   | Killed an alligator
 15526 | Lair:1   | Killed LordJstr's ghost
 15783 | Lair:2   | Reached skill level 5 in Fighting
 15913 | Lair:2   | Reached ***** piety under Vehumet
 15914 | Lair:2   | Reached skill level 5 in Conjurations
 16040 | Lair:2   | Offered knowledge of Flame Wave by Vehumet.
 16309 | Lair:2   | Noticed a seven-headed hydra
 16356 | Lair:3   | Reached XP level 13. HP: 51/72 MP: 9/25
 16554 | Lair:3   | Found a gate leading to a gauntlet.
 16558 | Lair:3   | Noticed Urug
 16562 | Gauntlet | Entered a Gauntlet
 16562 | Gauntlet | Found a large runed translucent door.
 16562 | Gauntlet | Found a large runed translucent door.
 16562 | Gauntlet | Found a large runed translucent door.
 16562 | Gauntlet | Found a large runed translucent door.
 16562 | Gauntlet | Found a runed translucent door.
 16562 | Gauntlet | Found a large runed translucent door.
 16562 | Gauntlet | Found a large runed translucent door.
 16562 | Gauntlet | Found a transporter.
 16562 | Gauntlet | Found a transporter.
 16562 | Gauntlet | Found a large runed translucent door.
 16562 | Gauntlet | Found a large runed translucent door.
 16562 | Gauntlet | Found a runed translucent gate.
 16562 | Gauntlet | Found a runed translucent gate.
 16562 | Gauntlet | Found a transporter.
 16578 | Gauntlet | Found a runed translucent door.
 16578 | Gauntlet | Found a runed translucent gate.
 16583 | Gauntlet | Found a transporter.
 16583 | Gauntlet | Found a transporter.
 16605 | Gauntlet | Found a large runed translucent door.
 16605 | Gauntlet | Found a large runed translucent door.
 16605 | Gauntlet | Found a large runed translucent door.
 16605 | Gauntlet | Found a large runed translucent door.
 16606 | Gauntlet | Found a large runed translucent door.
 16606 | Gauntlet | Found a large runed translucent door.
 16607 | Gauntlet | Found a large runed translucent door.
 16607 | Gauntlet | Found a large runed translucent door.
 16633 | Gauntlet | Found a transporter.
 16633 | Gauntlet | Found the ring of the Mage {Wiz Archmagi}
 16993 | Gauntlet | Found a transporter.
 17037 | Gauntlet | Noticed a minotaur
 17039 | Gauntlet | Slain by a minotaur

Illustrated notes

Levels and vault maps discovered:
D:1:      lemuel_arrival_muddy, layout_loops_ring, roderic_lattice_a
D:2:      layout_basic, kennysheep_generic_room_14, uniq_crazy_yiuf_cottage
D:3:      layout_loops_ring, nicolae_ru_great_annihilating_truth, serial_forest,
          infiniplex_forest_diagonal, infiniplex_forest_lined_1,
          infiniplex_forest_clump_small, infiniplex_forest_end_2,
          roderic_malta_cross
D:4:      layout_cave_pools, jmf_multi_god_temple2, ebering_ghost_gozag,
          pf_guarded_unrand_delatra, uniq_menkaure, uniq_robin
D:5:      layout_rooms, temple_hall, skrybe_limestone_x, uniq_grinder,
          uniq_sigmund
D:6:      layout_gridville
D:7:      layout_rooms, minmay_hedge_maze, minmay_misc_feat_secret_circle
D:8:      layout_rooms, nicolae_hepliaklqana_ecumenical_no_more,
          ebering_ghost_reflecting_pool, serial_shops, shop,
          nicolae_shop_tiny_glass, shop, kennysheep_mini, shop,
          minmay_misc_feat_enclosed, uniq_grum, uniq_psyche
D:9:      layout_irregular_city, tgw_kikubaaqudgha, kennysheep_little_box,
          kennysheep_boxes
D:10:     layout_stronghold, amcnicky_altar_gilded, due_lair_maze_entry_diamond,
          david_orc_5
D:11:     layout_rooms, trog_antimagical
D:12:     layout_basic
Lair:1:   layout_long_grid, hellmonk_ghost_happy_afterlife,
          nicolae_lair_lakeside_cave
Lair:2:   layout_gridlike, nicolae_shoals_entry_flooding
Lair:3:   layout_chaotic_city, guppyfry_snake_entry_garden,
          gauntlet_entry_generic, tgw_fedhas, uniq_josephine, uniq_rupert,
          uniq_urug
Gauntlet: gammafunk_gauntlet_shortcut
          [minmay_gauntlet_arena_make_your_own_arena,
          nicolae_gauntlet_arena_quarters, gammafunk_gauntlet_arena_teeth,
          nicolae_gauntlet_arena_blocks, gammafunk_gauntlet_arena_grid,
          gammafunk_gauntlet_arena_hedges, dreamdust_gauntlet_exit_labyrinth]

Skill      XL: |  1  2  3  4  5  6  7  8  9 10 11 12 13 |
---------------+----------------------------------------+-----
Transmutations | 1 2 3 4 5 6 |  6.0
Earth Magic    | 4 5 6 7 9 10 11 | 11.6
Dodging        | 2 3 4 5 6 7 |  7.8
Stealth        | 3 4 6 7 8 9 10 11 | 11.2
Spellcasting   | 3 4 5 6 7 8 |  8.8
Ice Magic      | 1 2 3 4 6 |  6.7
Fighting       | 2 5 |  5.0
Conjurations   | 2 5 |  5.9

Action                     |  1- 3 |  4- 6 |  7- 9 | 10-12 | 13-15 || total
---------------------------+-------+-------+-------+-------+-------++-------
  Melee: Unarmed           |    12 |       |       |       |       ||    12
         Punch             |     1 |       |     3 |       |       ||     4
         Dagger            |     4 |    18 |   149 |   229 |    22 ||   422
         Kick              |       |       |     8 |       |       ||     8
   Cast: Sandblast         |    41 |    83 |   105 |    95 |    10 ||   334
         Stone Arrow       |       |     6 |    36 |   138 |    11 ||   191
         Frozen Ramparts   |       |     2 |    14 |    32 |     5 ||    53
         Hailstorm         |       |       |     2 |    12 |     1 ||    15
         Ensorcelled Hiber |       |       |       |    16 |       ||    16
         Passwall          |       |       |       |     1 |       ||     1
         Fulminant Prism   |       |       |       |     8 |     3 ||    11
         Animate Armour    |       |       |       |     7 |     3 ||    10
         Petrify           |       |       |       |     1 |       ||     1
    Use: Scroll            |       |     6 |     5 |    13 |     1 ||    25
         Potion            |       |     4 |    10 |     4 |     2 ||    20
   Stab: Sleeping          |     1 |       |     2 |    11 |       ||    14
         Distracted        |       |       |       |     1 |       ||     1
         Petrified         |       |       |       |     1 |       ||     1
 Armour: Robe              |    11 |    28 |   114 |   241 |    11 ||   405
         Skin              |       |       |    11 |       |       ||    11
  Dodge: Dodged            |    25 |    47 |   157 |   428 |    64 ||   721
  Block: Other             |       |       |     4 |       |       ||     4
